 Dungeon Crawl Stone Soup version 0.29-a0-304-gb34f9e133a (webtiles) character file.

Game seed: 4493850680460655690

2274 Conn the Magician (level 9, -10/52 HPs)
             Began as an Octopode Fire Elementalist on Mar 26, 2022.
             Was a Believer of Sif Muna.
             Killed by an exploding five-headed hydra (49 damage)
             ... ignited by their inner flame
             ... on level 7 of the Dungeon.
             The game lasted 00:19:16 (7265 turns).

Conn the Magician (Octopode Fire Elementalist)      Turns: 7265, Time: 00:19:17

Health: -10/52     AC:  1    Str: 12    XL:     9   Next: 39%
Magic:  4/27       EV: 13    Int: 21    God:    Sif Muna [**....]
Gold:   422        SH:  0    Dex:  8    Spells: 4/20 levels left

rFire   . . .      SeeInvis .   i - +2 short sword (speed)
rCold   . . .      Faith    +   (no shield)
rNeg    . . .      Spirit   .   (helmet restricted)
rPois   +          Reflect  .   f - amulet of faith
rElec   .          Harm     .   r - ring "Danefiho" {rPois MP+9 Str+5 Dex-5 Slay+2}
rCorr   .          Rampage  .   F - ring of wizardry
Will    .....                   (no ring)
Stlth   ++++......              (no ring)
HPRegen 0.17/turn               (no ring)
MPRegen 0.20/turn               (no ring)
                                (no ring)
                                (no ring)

@: no status effects
A: almost no armour, amphibious, 8 rings, camouflage 1, gelatinous body 1,
(nimble swimmer 1), tentacles
a: Renounce Religion, Channel Magic


You were on level 7 of the Dungeon.
You worshipped Sif Muna.
Sif Muna was pleased with you.
You visited 2 branches of the dungeon, and saw 8 of its levels.
You also visited: Sewer.

You collected 543 gold pieces.
You spent 121 gold pieces at shops.

Inventory:

Hand Weapons
 i - a +2 short sword of speed (weapon)
Missiles
 k - 3 curare-tipped darts (quivered)
Armour
 c - the +2 shield of Resistance {rF++ rC++ Will++}
   (You acquired it on level 5 of the Dungeon)

   rF:        It greatly protects you from fire.
   rC:        It greatly protects you from cold.
   Will:      It greatly increases your willpower.
Jewellery
 f - an amulet of faith (around mantle)
 r - the ring "Danefiho" (left tentacle) {rPois MP+9 Str+5 Dex-5 Slay+2}
   (You acquired it on level 5 of the Dungeon)

   [ring of magical power]

   Str:       It affects your strength (+5).
   Dex:       It affects your dexterity (-5).
   Slay:      It affects your accuracy & damage with ranged weapons and melee
   (+2).
   rPois:     It protects you from poison.
   MP:        It affects your magic capacity (+9).
 w - a ring of poison resistance
 F - a ring of wizardry (right tentacle)
Wands
 j - a wand of acid (7)
 q - a wand of charming (5)
 s - a wand of flame (16)
 v - a wand of digging (8)
 E - a wand of paralysis (2)
Scrolls
 b - a scroll of silence
 e - 11 scrolls of teleportation {unknown}
 h - a scroll of summoning
 m - 3 scrolls of fog
 u - a scroll of immolation
 y - 2 scrolls of fear
 A - 2 scrolls of blinking {unknown}
 G - a scroll of magic mapping
Potions
 a - a potion of magic
 d - 3 potions of heal wounds {unknown}
 g - 2 potions of flight {unknown}
 l - a potion of berserk rage {unknown}
 n - a potion of cancellation {unknown}
 o - a potion of haste {unknown}
 p - 5 potions of curing {unknown}
 t - a potion of ambrosia {unknown}
 x - 2 potions of degeneration {unknown}
 z - 2 potions of might {unknown}
 B - a potion of brilliance
 C - a potion of invisibility {unknown}
 D - 2 potions of mutation {unknown}


   Skills:
 + Level 0.7 Fighting
 + Level 1.6 Short Blades
 + Level 1.0 Maces & Flails
 + Level 0.8 Throwing
 + Level 2.6 Dodging
 + Level 6.2 Stealth
 * Level 3.6 Shields
 + Level 6.4 Spellcasting
 + Level 4.5 Conjurations
 + Level 0.1 Hexes
 * Level 1.1 Translocations
 + Level 6.2 Fire Magic
 * Level 2.5 Invocations
 + Level 0.1 Evocations


You had 4 spell levels left.
You knew the following spells:

 Your Spells              Type           Power      Damage    Failure   Level
a - Foxfire               Conj/Fire      100%       2x1d9     1%          1
b - Conjure Flame         Conj/Fire      29%        6-21      1%          3
c - Inner Flame           Hex/Fire       20%        N/A       3%          3
d - Flame Wave            Conj/Fire      29%        2d8       4%          4
e - Scorch                Fire           64%        2d8       1%          2
f - Teleport Other        Tloc           11%        N/A       7%          3

Your spell library contained the following spells:

 Spells                   Type           Power      Damage    Failure   Level
 Gell's Gravitas          Tloc           11%        N/A       7%          3
 Lesser Beckoning         Tloc           11%        N/A       7%          3
 Cause Fear               Hex            3%         N/A       32%         4
 Discord                  Hex            3%         N/A       100%        8


Dungeon Overview and Level Annotations

Branches:
Dungeon (7/15)             Temple (1/1) D:5           Sewer (visited)

Altars:
Ashenzari
Cheibriados
Dithmenos
Elyvilon
Fedhas
Gozag
Hepliaklqana
Kikubaaqudgha
Makhleb
Nemelex Xobeh
Okawaru
Qazlal
Ru
Sif Muna
Trog
Uskayaw
Vehumet
Wu Jian
Xom
Yredelemnul
Zin
The Shining One

Shops:
D:2 (   D:6 *   D:7 [


Innate Abilities, Weirdness & Mutations

You cannot wear most types of armour.
You are amphibious.
You can wear up to eight rings at the same time.
Your skin changes colour to match your surroundings (Stealth+).
Your rubbery body absorbs attacks. (AC +1, EV +1)
((You are camouflaged when in or above water. (Stealth+)))
You have tentacles for arms and can constrict up to eight enemies at once.


Message History

Press: ? - help, Dir - move target, f - five-headed hydra
Aim: a five-headed hydra (chance to affect: 41%)
The five-headed hydra is filled with an intense inner flame!
Throw: 5 darts (curare)
Press: ? - help, Q - select action, (/) - cycle Shift-Dir - straight line, f/p - five-headed hydra
Aim: a five-headed hydra (inner flame, 76% to hit)
You throw a curare-tipped dart.
The curare-tipped dart hits the five-headed hydra.
Throw: 4 darts (curare)
Press: ? - help, Q - select action, (/) - cycle Shift-Dir - straight line, f/p - five-headed hydra
Aim: a five-headed hydra (inner flame, 76% to hit)
You throw a curare-tipped dart.
The curare-tipped dart hits the five-headed hydra.
Casting: Inner Flame (dangerous; 3% risk of failure)
Confirm with . or Enter, or press ? or * to list all spells.
Flames lash the five-headed hydra.
Flame seeps out of the five-headed hydra.
The five-headed hydra is lightly wounded.
The five-headed hydra's fire resistance burns away.
You hear a howl!
The five-headed hydra is engulfed in blazing flames.
Flame seeps out of the five-headed hydra.
Unknown command.
Casting: Scorch (safe; 1% risk of failure)
Confirm with . or Enter, or press ? or * to list all spells.
Flames lash the five-headed hydra.
The five-headed hydra is burned terribly!
Flame seeps out of the five-headed hydra.
The five-headed hydra is severely wounded.
The five-headed hydra is engulfed in blazing flames.
Flame seeps out of the five-headed hydra.
Casting: Scorch (safe; 1% risk of failure)
Confirm with . or Enter, or press ? or * to list all spells.
Flames lash the five-headed hydra.
The five-headed hydra is burned terribly!
Sif Muna accepts your kill.
The five-headed hydra explodes!
The fiery explosion engulfs you!!!
Ouch! That really hurt!
You die...

#.#.# #8#.# #...#
#.#.# #(#.# #∩#'#
#(..# #....
#.#.#### ##<...
#°..##.## ##.....
#☼###...####..8...
##§#........'......
#§@§.....####......
#..#..#..# ##.....
#..#..##.# ##....
#..#).##.# ##...
#....)##.# ##+#
#.##.###.# #.#
##.##.###.# #.#
#.........#
######.#
#.###.#.###
#.......


There were no monsters in sight!

Vanquished Creatures
  A hydra (D:7)
  A komodo dragon (D:7)
  Grinder (D:3)
  An acid dragon (D:6)
  A water moccasin (D:6)
  An ice beast (D:4)
  3 sky beasts
  A black bear (D:4)
  A bullfrog (D:4)
  A gnoll sergeant (D:6)
  A necrophage (Sewer)
  2 scorpions
  A jelly (D:4)
  5 wights
  2 hounds
  2 orc priests
  Crazy Yiuf (D:6)
  Jessica (D:3)
  4 iguanas
  An orc wizard (D:7)
  3 gnolls (D:6)
  5 adders
  3 shadow imps
  6 ufetubi
  2 worms
  A dart slug (D:1)
  12 orcs
  A bat zombie (Sewer)
  10 endoplasms
  5 giant cockroaches
  4 hobgoblins
  5 jackals
  4 quokkas
  7 ball pythons
  8 bats
  6 frilled lizards
  5 goblins
  18 kobolds
  5 rats
142 creatures vanquished.

Vanquished Creatures (collateral kills)
  A foxfire (Sewer)
1 creature vanquished.

Vanquished Creatures (others)
  462 foxfires
  2 fungi (D:6)
464 creatures vanquished.

Grand Total: 607 creatures vanquished

Notes
Turn   | Place    | Note
-------+----------+-------------------------------------------
     0 | D:1      | Conn the Octopode Fire Elementalist began the quest for the
                  | Orb.
     0 | D:1      | Reached XP level 1. HP: 11/11 MP: 3/3
   173 | D:1      | Reached XP level 2. HP: 17/17 MP: 0/5
   174 | D:1      | Found a faded altar of an unknown god.
   679 | D:2      | Found Qestuemo's Antique Weapon Shop.
  1036 | D:2      | Reached XP level 3. HP: 21/21 MP: 3/6
  1795 | D:3      | Noticed Jessica
  1800 | D:3      | Killed Jessica
  1801 | D:3      | Reached XP level 4. HP: 27/27 MP: 1/7
  2470 | D:3      | Noticed Grinder
  2483 | D:3      | Killed Grinder
  2484 | D:3      | Reached skill level 1 in Short Blades
  2484 | D:3      | Reached skill level 5 in Stealth
  2484 | D:3      | Reached XP level 5. HP: 11/31 MP: 1/10
  2484 | D:3      | Reached XP level 6. HP: 13/36 MP: 1/11
  2878 | D:3      | Found a sparkling altar of Nemelex Xobeh.
  3034 | D:3      | Learned a level 3 spell: Conjure Flame
  3038 | D:3      | Learned a level 3 spell: Inner Flame
  3043 | D:3      | Learned a level 4 spell: Flame Wave
  3419 | D:4      | Reached XP level 7. HP: 42/42 MP: 4/12
  3698 | D:4      | Learned a level 2 spell: Scorch
  4201 | D:5      | Entered Level 5 of the Dungeon
  4201 | D:5      | Found a staircase to the Ecumenical Temple.
  4210 | Temple   | Entered the Ecumenical Temple
  4343 | Temple   | Became a worshipper of Sif Muna the Loreminder
  4416 | D:5      | Reached skill level 5 in Fire Magic
  4545 | D:5      | Identified 2 scrolls of acquirement
  4553 | D:5      | Acquired the +2 shield of Resistance {rF++ rC++ Will++}
  4553 | D:5      | Found the +2 shield of Resistance {rF++ rC++ Will++}
  4555 | D:5      | Acquired the ring "Danefiho" {rPois MP+9 Str+5 Dex-5
                  | Slay+2}
  4569 | D:5      | Reached skill level 1 in Maces & Flails
  4569 | D:5      | Reached XP level 8. HP: 47/47 MP: 7/14
  4590 | D:5      | Found a glowing drain.
  4599 | Sewer    | Entered a sewer
  4940 | Sewer    | Found an ancient bone altar of Kikubaaqudgha.
  4954 | Sewer    | Reached * piety under Sif Muna
  4955 | Sewer    | Reached skill level 1 in Shields
  5170 | Sewer    | Reached skill level 1 in Invocations
  5818 | D:5      | Reached skill level 5 in Spellcasting
  6210 | D:6      | Found a runed translucent door.
  6211 | D:6      | Noticed Crazy Yiuf
  6216 | D:6      | Killed Crazy Yiuf
  6258 | D:6      | Reached XP level 9. HP: 31/52 MP: 14/17
  6621 | D:6      | Reached ** piety under Sif Muna
  6826 | D:6      | Found Zycvi's Gadget Gallery.
  6830 | D:6      | Bought a wand of charming (5) for 77 gold pieces
  6830 | D:6      | Bought a wand of paralysis (2) for 44 gold pieces
  7020 | D:7      | Learned a level 3 spell: Teleport Other
  7104 | D:7      | Found Vuphuuxo's Armour Shoppe.
  7213 | D:7      | Noticed a komodo dragon
  7222 | D:7      | Killed a komodo dragon
  7223 | D:7      | Reached skill level 1 in Translocations
  7255 | D:7      | Noticed a five-headed hydra
  7265 | D:7      | Killed a five-headed hydra
  7265 | D:7      | Killed by an exploding five-headed hydra... ignited by
                  | their inner flame

Illustrated notes

Levels and vault maps discovered:
D:1:      dpeg_arrival_radiant, layout_loops_ring,
          hellmonk_ecumenical_altar_arch_garden
D:2:      layout_loops_ring, serial_shops, shop
D:3:      layout_basic, lemuel_tele_altar, uniq_grinder, uniq_jessica
D:4:      minmay_general_purpose_star, layout_basic
D:5:      layout_loops_ring, minmay_temple_entry_slanted,
          cheibrodos_sewer_entry_drain
D:6:      layout_cave_pools, minmay_misc_feat_diagonals, nicolae_shop_gadgets,
          uniq_crazy_yiuf_cottage
D:7:      layout_loops_corners, serial_shops, shop_statue,
          hangedman_minor_gate_pass
Temple:   mainiacjoe_temple_archimedes_tessellation

Skill      XL: |  1  2  3  4  5  6  7  8  9 |
---------------+----------------------------+-----
Stealth        | 3 4 5 6 |  6.2
Short Blades   | 1 |  1.6
Spellcasting   | 3 4 5 6 |  6.4
Conjurations   | 2 3 4 |  4.5
Fire Magic     | 4 5 6 |  6.2
Maces & Flails | 1 |  1.0
Shields        | 2 3 |  3.6
Invocations    | 2 |  2.5
Translocations | 1 |  1.1
Fighting       | |  0.7
Throwing       | |  0.8
Dodging        | |  2.6
Hexes          | |  0.1
Evocations     | |  0.1

Action                   |  1- 3 |  4- 6 |  7- 9 || total
-------------------------+-------+-------+-------++-------
Melee: Unarmed           |     3 |       |       ||     3
       Tentacles         |     7 |     2 |     7 ||    16
       Constrict         |     4 |     3 |     6 ||    13
       Dagger            |    30 |       |       ||    30
       Whip              |       |     7 |    10 ||    17
       Short sword       |       |       |    21 ||    21
Throw: Dart              |       |     3 |     4 ||     7
 Cast: Foxfire           |    32 |    53 |   190 ||   275
       Scorch            |       |       |    21 ||    21
       Conjure Flame     |       |       |     6 ||     6
       Inner Flame       |       |       |     4 ||     4
Evoke: Wand              |       |     1 |       ||     1
  Use: Scroll            |       |       |    13 ||    13
 Stab: Sleeping          |    10 |     1 |     2 ||    13
Armor: Skin              |     5 |       |     2 ||     7
Dodge: Dodged            |    20 |     1 |    27 ||    48

Table legend: (Time is in decaauts)
 A = Elapsed time spent in this place.
 B = Non-inter-level travel time spent in this place.
 C = Inter-level travel time spent in this place.
 D = Time resting spent in this place.
 E = Time spent auto-exploring this place.
 F = Levels seen in this place.
 G = Mean time per level.
                   A        B        C        D        E       F      G
               +--------+--------+--------+--------+--------+-----+--------+
         Total |   7256 |   7157 |     99 |    222 |   4979 |   9 |  806.2 |
       Dungeon |   6423 |   6324 |     99 |    222 |   4554 |   7 |  917.6 |
        Temple |    156 |    156 |      0 |      0 |      3 |   1 |  156.0 |
         Sewer |    676 |    676 |      0 |      0 |    422 |   1 |  676.0 |
               +--------+--------+--------+--------+--------+-----+--------+

Top non-repeatable levels by time:
     D:3: 1282 daAuts
     D:2: 1132 daAuts
     D:4: 1123 daAuts
     D:5: 1106 daAuts
     D:6: 854 daAuts
   Sewer: 676 daAuts
     D:1: 661 daAuts
     D:7: 261 daAuts
  Temple: 156 daAuts
